 Dungeon Crawl Stone Soup version 0.32-a0-607-g64ea0e4219 (webtiles) character file.

Game seed: 9376684223139894059

18 dolemite99 the Shooter (level 2, -4/22 HPs)
             Began as a Coglin Hunter on Mar 4, 2024.
             Was a Follower of Cheibriados.
             Slain by Sigmund
             ... wielding a +1 vampiric scythe
              (10 damage)
             ... on level 2 of the Dungeon.
             The game lasted 00:00:56 (949 turns).

dolemite99 the Shooter (Coglin Hunter)               Turns: 949, Time: 00:00:56

Health: -4/22      AC:  5    Str: 14    XL:     2   Next: 66%
Magic:  2/2        EV: 12    Int: 11    God:    Cheibriados [*.....]
Gold:   77         SH:  0    Dex: 20    Spells: 1/1 levels left

rFire   . . .        a - +2 sling {Alejandra}
rCold   . . .        d - +0 sling {Wira}
rNeg    . . .        c - +0 leather armour
rPois   .            (no helmet)
rElec   .            j - +0 cloak
rCorr   .            e - +0 pair of gloves
SInv    .            (no boots)
Will    .....        (amulet unavailable)
Stlth   ++           (ring unavailable)
HPRegen 0.23/turn    (ring unavailable)
MPRegen 0.08/turn    (no gizmo)

%: no passive effects
@: revved, very slow
A: off-hand wielding, slow wielding, warmup strikes, no jewellery
a: Invent Gizmo, Renounce Religion, Bend Time


You were on level 2 of the Dungeon.
You worshipped Cheibriados.
Cheibriados was aware of your devotion.
You visited 1 branch of the dungeon, and saw 2 of its levels.

You collected 77 gold pieces.

Inventory:

Hand Weapons
 a - a +2 sling (weapon) {Alejandra}
 d - a +0 sling (offhand) {Wira}
Missiles
 k - 8 poisoned darts
Armour
 c - a +0 leather armour (worn)
 e - a +0 pair of gloves (worn)
 j - a +0 cloak (worn)
Scrolls
 b - a scroll of butterflies
 g - a scroll of immolation {unknown}
 i - a scroll of enchant armour {unknown}
 l - a scroll of fear {unknown}
Potions
 f - a potion of lignification {unknown}
 h - 2 potions of curing {unknown}


   Skills:
 - Level 2.0 Fighting
 + Level 4.3 Ranged Weapons
 - Level 1.7 Dodging
 - Level 0.7 Stealth


You had one spell level left.
You didn't know any spells.
Your spell library contained the following spells:

 Spells                   Type           Power      Damage    Failure   Level
 Mercury Vapours          Alch/Air       0%         N/A       56%         2
 Mephitic Cloud           Conj/Alch/Air  0%         N/A       80%         3
 Stone Arrow              Conj/Erth      0%         3d7       80%         3
 Anguish                  Hex/Necr       0%         N/A       99%         4
 Animate Armour           Summ/Erth      0%         N/A       99%         4
 Cause Fear               Hex            0%         N/A       99%         4
 Enfeeble                 Hex            0%         N/A       100%        7
 Malign Gateway           Summ/Tloc      0%         N/A       100%        7
 Lehudib's Crystal Spear  Conj/Erth      0%         10d2      100%        8


Dungeon Overview and Level Annotations

Branches:
Dungeon (2/15)

Altars:
Cheibriados

Annotations:
D:2 Sigmund


Innate Abilities, Weirdness & Mutations

You can wield a second weapon in your off-hand.
It takes a long time for you to wield or remove held weapons.
Your first few attacks do less damage.
You cannot equip rings or amulets.


Message History

The puff of flame hits you.
In 12 experience levels, you will have learned enough to assemble a masterpiece.
Unknown command.
Fire: a) +2 sling {Alejandra}
Press: ? - help, Q - select action, (/) - cycle Shift-Dir - straight line, f - Sigmund
Aim: Sigmund, wielding a +1 vampiric scythe and wearing a +0 robe (62% to hit)
You shoot a sling bullet. The sling bullet hits Sigmund.
Sigmund is lightly wounded.
You shoot a sling bullet. The sling bullet hits Sigmund.
Sigmund is moderately wounded.
Sigmund points at you and mumbles some strange words.
The puff of flame hits you.
Fire: a) +2 sling {Alejandra}
Press: ? - help, Q - select action, (/) - cycle Shift-Dir - straight line, f/p - Sigmund
Aim: Sigmund, wielding a +1 vampiric scythe and wearing a +0 robe (moderately wounded, 62% to hit)
You shoot a sling bullet. The sling bullet hits Sigmund!
Sigmund is heavily wounded.
You shoot a sling bullet. The sling bullet barely misses Sigmund.
Fire: a) +2 sling {Alejandra}
Press: ? - help, Q - select action, (/) - cycle Shift-Dir - straight line, f/p - Sigmund
Aim: Sigmund, wielding a +1 vampiric scythe and wearing a +0 robe (heavily wounded, 62% to hit)
You shoot a sling bullet. The sling bullet hits Sigmund.
Sigmund is severely wounded.
You shoot a sling bullet.
The sling bullet closely misses Sigmund.
Sigmund gestures at you while chanting. The magic dart hits you!
* * * LOW HITPOINT WARNING * * *
Fire: a) +2 sling {Alejandra}
Press: ? - help, Q - select action, (/) - cycle Shift-Dir - straight line, f/p - Sigmund
Aim: Sigmund, wielding a +1 vampiric scythe and wearing a +0 robe (severely wounded, 62% to hit)
You shoot a sling bullet.
The sling bullet hits Sigmund but does no damage.
Sigmund is severely wounded.
You shoot a sling bullet.
The sling bullet closely misses Sigmund.
Sigmund hits you from afar with a +1 vampiric scythe!
You die...
Sigmund begins carving another notch in his scythe.
Cheibriados appreciates the motionlessness of death.

.##.######...#
.##..........#
.##########.##
#.........#.#
.#######.#.#######
####### .. #.........#
$...... ####
###.#####.# .......
#...###.#####.##.......
............@.@?)>.....
..#.....########.......
......... ......(
..#.#..### ....... #
#.#.. ....... . #..
....... . #.. .......
#.. #+#####


You could see Sigmund.

Vanquished Creatures
  A dart slug (D:1)
  An endoplasm (D:1)
  A giant cockroach (D:1)
  3 goblins
  3 hobgoblins
  3 kobolds (D:1)
  A frilled lizard (D:1)
  A rat (D:1)
14 creatures vanquished.

Notes
Turn   | Place    | Note
-------+----------+-------------------------------------------
     0 | D:1      | dolemite99 the Coglin Hunter began the quest for the Orb.
     0 | D:1      | Reached XP level 1. HP: 16/16 MP: 1/1
    39 | D:1      | Got the Octavo of the Quantum Tincture
    87 | D:1      | Found a faded altar of an unknown god.
    98 | D:1      | Prayed at the altar of an unknown god.
    98 | D:1      | Became a worshipper of Cheibriados the Contemplative
    98 | D:1      | Reached * piety under Cheibriados
   349 | D:1      | Reached skill level 4 in Ranged Weapons
   349 | D:1      | Reached XP level 2. HP: 22/22 MP: 2/2
   942 | D:2      | Noticed Sigmund
   949 | D:2      | Slain by Sigmund

Illustrated notes

Levels and vault maps discovered:
D:1:      dpeg_arrival_central, layout_basic, ebering_ecumenical_altar_webs
D:2:      layout_basic, serial_shops, nicolae_shop_tiny_real_fake_doors,
          uniq_sigmund

Skill      XL: |  1 |
---------------+----+-----
Ranged Weapons | 4 |  4.3
Fighting       | |  2.0
Dodging        | |  1.7
Stealth        | |  0.7

Action                     || total
---------------------------++-------
   Fire: Sling             ||    84
 Armour: Leather armour    ||     7
  Dodge: Dodged            ||     3

Table legend: (Time is in decaauts)
 A = Elapsed time spent in this place.
 B = Non-inter-level travel time spent in this place.
 C = Inter-level travel time spent in this place.
 D = Time resting spent in this place.
 E = Time spent auto-exploring this place.
 F = Levels seen in this place.
 G = Mean time per level.
                   A        B        C        D        E       F      G
               +--------+--------+--------+--------+--------+-----+--------+
         Total |   1265 |   1230 |     35 |      0 |   1067 |   2 |  632.5 |
       Dungeon |   1265 |   1230 |     35 |      0 |   1067 |   2 |  632.5 |
               +--------+--------+--------+--------+--------+-----+--------+

Top non-repeatable levels by time:
     D:1: 1123 daAuts
     D:2: 142 daAuts
